Cogmind - Beta 13 @@@ ROGUE MODE // 2024.04.18 @ 10:26:20 Player: A Moose Result: Destroyed by LX-0AH(R) with Subdweller Laser Performance ------------- Evolutions (0) 0 Regions Visited (3) 600 Robots Destroyed (18) 90 Value Destroyed (380) 380 Prototype IDs (0) 0 Alien Tech Used (0) 0 Bonus (0) 0 TOTAL SCORE: 1070 Bonus ------- None Cogmind --------- Core Integrity 0/250 Matter 300/300 Energy 200/200 System Corruption 0% Temperature Cool (6) Movement Rolling (105) Location -10/Subcaves Parts ------- > --- POWER (1) -------- Subdweller Power Source > --- PROPULSION (2) --- Compact Wheel Subdweller Monowheel > --- UTILITY (2) ------ Small Storage Unit Seismic Detector > --- WEAPON (2) ------- Subdweller Beam Cannon Makeshift Hammer > --- INVENTORY (8) ---- Light Treads Light Treads Compact Wheel Utility Shielding Hacking Suite Subdweller Machine Gun Grenade Launcher Mining Laser Peak State ------------ > --- POWER ------------ Subdweller Power Source > --- PROPULSION ------- Compact Wheel Subdweller Monowheel > --- UTILITY ---------- Small Storage Unit Seismic Detector > --- WEAPON ----------- Subdweller Beam Cannon Makeshift Hammer > --- INVENTORY -------- Light Treads Light Treads Compact Wheel Utility Shielding Hacking Suite Subdweller Machine Gun Grenade Launcher Mining Laser [Rating: 14] Favorites ----------- Power Ion Engine Engine Ion Engine Propulsion Compact Wheel Treads Light Treads Wheel Compact Wheel Utility Small Storage Unit Device Improved Terrain Scanner Storage Small Storage Unit Weapon Small Laser Energy Gun Small Laser Energy Cannon Subdweller Beam Cannon Ballistic Gun Assault Rifle Impact Weapon Makeshift Hammer Build | -11 -10 -10 -10 ------- Run | Yrd Mat Min Sub Slots Evolved . | . . . . Power . | . . . . Propulsion . | . . . . Utility . | . . . . Weapon . | . . . . Parts Attached 15 | 9 . 2 4 Power 2 | 1 . . 1 Engine 2 | 1 . . 1 Core . | . . . . Reactor . | . . . . Propulsion 6 | 4 . 1 1 Treads 2 | 2 . . . Leg . | . . . . Wheel 4 | 2 . 1 1 Hover . | . . . . Flight . | . . . . Utility 3 | 2 . . 1 Device 2 | 1 . . 1 Storage 1 | 1 . . . Processor . | . . . . Hackware . | . . . . Protection . | . . . . Artifact . | . . . . Weapon 4 | 2 . 1 1 Energy Gun 1 | 1 . . . Energy Cannon 1 | . . . 1 Ballistic Gun 1 | 1 . . . Ballistic Cannon . | . . . . Launcher . | . . . . Special Weapon . | . . . . Impact Weapon 1 | . . 1 . Slashing Weapon . | . . . . Piercing Weapon . | . . . . Special Melee Weapon . | . . . . Unidentified Prototypes . | . . . . Parts Lost 5 | . . 5 . Power 1 | . . 1 . Propulsion 1 | . . 1 . Utility 1 | . . 1 . Weapon 2 | . . 2 . Highest Loss Streak 3 | . . 3 . To Critical Strikes . | . . . . Average Slot Usage (%) 81 | . 100 82 73 Engine 7 | . 14 8 4 Wheel 25 | . 28 24 28 Device 8 | . 14 8 5 Storage 14 | . 14 14 14 Energy Gun 9 | . 14 12 . Energy Cannon 1 | . . . 6 Ballistic Gun 5 | . 14 6 . Impact Weapon 8 | . . 7 14 Naked Turns . | . . . . Heaviest Build 22 | 14 14 15 22 Greatest Support 40 | 40 26 32 36 Greatest Overweight (x) 4 | 4 . . . Average Overweight (x) . | . . . . Largest Inventory Capacity 8 | 8 8 8 8 Average Capacity 7 | 7 8 8 8 Most Carried 8 | 5 7 8 8 Average Carried 7 | 2 6 7 7 Final Capacity 8 | 8 8 8 8 Final Carried 8 | 5 7 7 8 Class Distribution -------------------- 90% | Mutant 9% | Scavenger-Mutant Dominant Class ---------------- Mutant | -10/Materials Mutant | -10/Mines Scavenger-Mutant | -10/Subcaves Resources | -11 -10 -10 -10 ----------- Run | Yrd Mat Min Sub Matter Collected 409 | 299 3 67 40 Remotely . | . . . . Salvage Created 558 | 124 20 380 34 Parts 20 | 6 4 7 3 Haulers Intercepted . | . . . . Recyclers Shooed . | . . . . Parts Field Recycled . | . . . . Retrieved Matter . | . . . . Parts Self-Destructed . | . . . . Prevented . | . . . . Kills | -11 -10 -10 -10 ------- Run | Yrd Mat Min Sub Combat Hostiles Destroyed 13 | . . 12 1 Melee 2 | . . 2 . Guns 5 | . . 5 . Cannons 1 | . . . 1 Classes Destroyed 7 | 2 1 3 1 Worker 1 | . . 1 . Tunneler 2 | 1 . 1 . Recycler 1 | 1 . . . Operator 1 | . 1 . . Swarmer 6 | . . 6 . Grunt 6 | . . 6 . Subdweller 1 | . . . 1 Best Kill Streak 4 | 2 3 4 1 Combat Bots Only 3 | . . 3 1 Max Kills in Single Turn 2 | 1 1 2 1 Gunslinging 1 | . . 1 . Exploded . | . . . . Melee 1 | . . 1 . Uniques/NPCs Destroyed . | . . . . Combat | -11 -10 -10 -10 -------- Run | Yrd Mat Min Sub Hostile Shots Fired 71 | . . 64 7 Missed 19 | . . 19 . Damage Taken 707 | . . 514 193 Core 257 | . . 105 152 Absorbed by Shields . | . . . . Core Remaining (%) 100 | 100 . . . Volleys Fired 25 | 3 1 19 2 Largest 2 | 2 2 2 1 Hottest 80 | 60 60 60 80 Shots Fired 48 | 6 2 38 2 Gun 46 | 6 2 38 . Cannon 2 | . . . 2 Launcher . | . . . . Special . | . . . . Kinetic 23 | 3 1 19 . Thermal 25 | 3 1 19 2 Explosive . | . . . . Electromagnetic . | . . . . Robot Hit Streak 10 | 3 1 10 4 Robot Miss Streak 4 | 1 1 4 . Penetration Max . | . . . . Secondary Targets 2 | . . 2 . Max Gunslinging Chain 1 | . . 1 . Shots Hit Robots 46 | 4 1 38 3 Core Hits 14 | 3 1 9 1 Critical Kills . | . . . . Critical Parts Destroyed 5 | . . 5 . Critical Strikes 5 | . . 5 . Smash 5 | . . 5 . Melee Attacks 32 | . . 29 3 Impact 32 | . . 29 3 Slashing . | . . . . Piercing . | . . . . Sneak Attacks 2 | . . 2 . Combat Hostiles . | . . . . Follow-up Attacks . | . . . . Damage Inflicted 1133 | 44 15 972 102 Guns 356 | 44 15 297 . Cannons 54 | . . . 54 Explosions . | . . . . Melee 723 | . . 675 48 Ramming . | . . . . Kinetic 179 | 22 15 142 . Thermal 231 | 22 . 155 54 Explosive . | . . . . Electromagnetic . | . . . . Impact 723 | . . 675 48 Slashing . | . . . . Piercing . | . . . . Highest Corruption . | . . . . Average Corruption . | . . . . Corruption Purged . | . . . . Corruption Blocked . | . . . . Overload Shots . | . . . . Overflow Damage 323 | . . 323 . Projectiles . | . . . . Explosions . | . . . . Melee 323 | . . 323 . Knockbacks 2 | . . 1 1 Impact 2 | . . 1 1 Kinetic . | . . . . Secondary . | . . . . Self-Inflicted Damage . | . . . . Shots . | . . . . Rammed . | . . . . Targets Rammed . | . . . . Kicked . | . . . . Crushed . | . . . . Highest Temperature 113 | . . 113 . Average Temperature 71 | . . 71 . Received Heat Transfer 261 | . . 243 18 Siege Activations . | . . . . Robots Corrupted . | . . . . Combat Hostiles . | . . . . Parts Fried 9 | . . 9 . Impact Corruptions 13 | . . 13 . Robots Melted . | . . . . Combat Hostiles . | . . . . Parts Melted 1 | . . 1 . Heat Transferred 474 | 50 . 350 74 Parts Sabotaged . | . . . . Parts Stolen . | . . . . Parts Stripped . | . . . . Power Chain Reactions . | . . . . Alert | -11 -10 -10 -10 ------- Run | Yrd Mat Min Sub Peak Influence 225 | 10 11 225 . Initial 6 | . 6 4 . Average 89 | 2 11 109 . Maximum Alert Level 1 | . . 1 . Low Security (%) 92 | 100 100 90 . Level 1 7 | . . 9 . Level 2 . | . . . . Level 3 . | . . . . Level 4 . | . . . . Level 5 . | . . . . High Security . | . . . . Max Security . | . . . . Squads Dispatched . | . . . . Investigation . | . . . . Extermination . | . . . . Reinforcement . | . . . . Assault . | . . . . Garrison . | . . . . Intercept . | . . . . Searches Triggered . | . . . . Construction Impeded . | . . . . Haulers Reinforced . | . . . . Active Scanning Responses . | . . . . Cargo Convoy Interrupts . | . . . . Stealth | -11 -10 -10 -10 --------- Run | Yrd Mat Min Sub Distress Signals . | . . . . Communications Jammed . | . . . . Distress Signals . | . . . . Times Spotted 16 | . 1 12 3 Peak Tracking Total 3 | . 1 3 1 Tactical Retreats 1 | . . 1 . Traps | -11 -10 -10 -10 ------- Run | Yrd Mat Min Sub Traps Triggered . | . . . . Indirectly . | . . . . Trap Hack Attempts . | . . . . Triggered . | . . . . Disarmed . | . . . . Reprogrammed . | . . . . Reused . | . . . . Traps Extracted . | . . . . Installed . | . . . . Triggered . | . . . . Machines | -11 -10 -10 -10 ---------- Run | Yrd Mat Min Sub Machines Disabled . | . . . . Max in Single Turn . | . . . . Machines Repaired . | . . . . Machines Dismantled . | . . . . Machines Sabotaged . | . . . . Overloaded Fab Kills . | . . . . Hacking | -11 -10 -10 -10 --------- Run | Yrd Mat Min Sub Machines Accessed 1 | . . 1 . Terminals 1 | . . 1 . Fabricators . | . . . . Repair Stations . | . . . . Recycling Units . | . . . . Scanalyzers . | . . . . Garrison Access . | . . . . Total Hacks 4 | . . 4 . Successful 2 | . . 2 . Failed 2 | . . 2 . Catastrophic . | . . . . Database Lockouts . | . . . . Manual . | . . . . Terminals 4 | . . 4 . Fabricators . | . . . . Repair Stations . | . . . . Recycling Units . | . . . . Scanalyzers . | . . . . Garrison Access . | . . . . Terminal Hacks 2 | . . 2 . Dispatch Records 1 | . . 1 . Patrol Status 1 | . . 1 . Fabricator Hacks . | . . . . Repair Station Hacks . | . . . . Recycling Unit Hacks . | . . . . Scanalyzer . | . . . . Garrison Access Hacks . | . . . . Unauthorized Hacks . | . . . . Terminals . | . . . . Fabricators . | . . . . Repair Stations . | . . . . Recycling Units . | . . . . Scanalyzers . | . . . . Garrison Access . | . . . . Data Cores Recovered 1 | . 1 . . Used . | . . . . Hacking Detections . | . . . . Full Trace Events . | . . . . Feedback Events . | . . . . Feedback Blocked . | . . . . Robot Schematics Acquired . | . . . . Robots Built . | . . . . Authchips . | . . . . Time . | . . . . Total Robot Build Rating . | . . . . Part Schematics Acquired . | . . . . Parts Built . | . . . . Authchips . | . . . . Time . | . . . . Total Part Build Rating . | . . . . Parts Repaired . | . . . . Time . | . . . . Parts Recycled . | . . . . Recycled Matter . | . . . . Retrieved Matter . | . . . . Retrieved Components . | . . . . Parts Scanalyzed . | . . . . Part Schematics Acquired . | . . . . Parts Damaged . | . . . . Bothacking | -11 -10 -10 -10 ------------ Run | Yrd Mat Min Sub Used RIF Installer . | . . . . Robots Hacked . | . . . . Non-combat . | . . . . Combat . | . . . . Robot Hacks Applied . | . . . . Relay Couplers Released . | . . . . Fabnet Peak Effective % . | . . . . Robots Rewired . | . . . . Allies Hacked . | . . . . Hacks Repelled . | . . . . Allies | -11 -10 -10 -10 -------- Run | Yrd Mat Min Sub Total Allies . | . . . . Largest Group . | . . . . Highest-Rated Group . | . . . . Highest-Rated Ally . | . . . . Total Orders . | . . . . Ally Attacks . | . . . . Total Damage . | . . . . Kills . | . . . . Allies Corrupted . | . . . . Allies Melted . | . . . . Intel | -11 -10 -10 -10 ------- Run | Yrd Mat Min Sub Robot Analysis Total . | . . . . Derelict Logs Recovered 2 | . . 2 . Drone Launches . | . . . . Drone Recoveries . | . . . . Exploration | -11 -10 -10 -10 ------------- Run | Yrd Mat Min Sub Turns Passed 833 | 88 42 547 156 Spaces Moved 691 | 66 41 449 135 Core 18 | 18 . . . Treads 1 | 1 . . . Legs . | . . . . Wheels 672 | 47 41 449 135 Hover . | . . . . Flight . | . . . . Fastest Speed 50 | 50 90 90 100 Average Speed 94 | 86 90 94 101 Slowest Speed 250 | 250 90 100 105 Overloaded Moves . | . . . . Propulsion Burnouts . | . . . . Robots Hopped . | . . . . Cave-ins Triggered . | . . . . Exploration Rate (%) 24 | 5 15 65 14 Regions Visited 3 Branch Regions 2 Pre-discovered Areas 2 | . . 2 . Known Exits Taken . | . . . . Unknown Exits Taken 3 | 1 1 1 . Scrap Searched 2 | . . 1 1 Spaces Dug 2 | . . 2 . Terrain Destroyed 2 | . . 2 . Melee 2 | . . 2 . Projectile . | . . . . AOE . | . . . . Terrain Rammed . | . . . . Walls Destroyed . | . . . . Machines Disabled . | . . . . Actions | -11 -10 -10 -10 --------- Run | Yrd Mat Min Sub Total 787 | 91 43 506 147 Wait 4 | . . 4 . Move 688 | 65 40 448 135 Hop . | . . . . Pick Up 20 | 12 2 3 3 Fast Attach 1 | . . . 1 Attach 13 | 9 . 2 2 Detach 2 | 2 . . . Swap 1 | . . . 1 Drop 1 | . . 1 . Fire 25 | 3 1 19 2 Melee 32 | . . 29 3 Ram . | . . . . Kick . | . . . . Crush . | . . . . Escape Stasis . | . . . . Rewire . | . . . . Trap . | . . . . Miscellaneous . | . . . . Route ------- -11/Scrapyard -10/Materials -10/Mines (discovered 3 exits: [*Mat x2] / [*Sub]) -10/Subcaves (discovered 1 exit: [*Rec]) History --------- Turn | Location | Event 18 | -11/Scrapyard | Discovered new exit (range 16) 89 | -11/Scrapyard | Entered Materials 115 | -10/Materials | Discovered new exit (range 15) 131 | -10/Materials | Entered Mines 171 | -10/Mines | A weapon hastily lodged in a ceiling crevice suddenly fell to the ground 187 | -10/Mines | Learned location of Zion (-6) 204 | -10/Mines | Discovered new exit (range 10) 309 | -10/Mines | Build established: Mutant 344 | -10/Mines | Discovered new exit (range 7) 493 | -10/Mines | Lost 3 parts (1p1n1u) 673 | -10/Mines | Discovered new exit (range 6) 678 | -10/Mines | Entered Subcaves 712 | -10/Subcaves | Core integrity fell below 50% 718 | -10/Subcaves | Discovered new exit (range 15) 767 | -10/Subcaves | Core integrity fell below 20% 799 | -10/Subcaves | A swath of the cavern ceiling suddenly collapsed 834 | -10/Subcaves | Destroyed by LX-0AH(R) with Subdweller Laser Last Messages --------------- 4F-KK5(R) destroyed. EXIT=FOUND Searching scrap... Found Sub. Beam Cannon. Found 32 Matter. ON-L1D(u) builds Twisted Machinery. Acquired Sub. Beam Cannon. KQ-419(R) destroyed. Acquired 10 matter. Acquired Sub. Monowheel. ON-L1D(u) builds Twisted Machinery. Acquired Sub. Machine Gun. Subatomizers dissect the Sub. Power Source. Acquired Sub. Power Source. ON-L1D(u) builds Twisted Machinery. Acquired 24 matter. ON-L1D(u) builds Twisted Machinery. A swath of the cavern ceiling suddenly collapses. Acquired 6 matter. Map ----- +----------------------------------------------------+ | | | | | | | ?????????????????????????????????????????????????? | | ?????????????????????????????????????????????????? | | ?????????????????????????????????????????????????? | | ?????????????????????????????????????????????????? | | ?????????????????????????????????????????????????? | | ?????????????????????????????????????????????????? | | ?????????????????????????????????????????????????? | | ?????????????????????????????????????????????????? | | ?????????????????????????????????????????????????? | | ?????????????????????????????????????????????????? | | ?????????????????????????????????????????????????? | | ?????????????????????????????????????????????????? | | ?????????????###"###?????????????????????????????? | | ?????????????# #?????????????????????????????? | | ?????????????""& ""#????###????????#####?????????? | | ????????######## " "??### #######?#"" ?????????? | | ?????#### #"" #?## " ## ""???????????? | | ????# #"# #### ##"" "" "" ??????????? | | ??? ""&## ## ##" """""???????????? | | ??? ##"## & """ """ ??????????? | | ??## ## ?##?## ####""???????????? | | ???##???# ??????## ###% #""##????????????????? | | ??????? ????????# #?# @###"""#????????????????? | | ?????? ?????????# ##?##R #"""####?????????????? | | ????## ????????# #??## """"" "#????????????? | | ???? ???######?## """"" #?????????????? | | ???? ### #### #?????????????? | | ??????????# "#????????????? | | ??????????# # ## #????????????? | | ??????????## # # #### ?????????? | | ????????????????### ##?? " ### ??????? | | ????????????????## #### """ ##???# ## ???????? | | ????????????????# """""#?????? #?????????? | | ????????????????# """ #?????????????????? | | ??????????????### " ##?????????????????? | | ????????####### #??????????????????? | | ??????### "" ##??????????????????? | | ???#### " #???????????????????? | | ??## ## " ### #??????????????????? | | ### ##?## #????????????????? | | ##""""" ##???? ????????????????? | | "##?????? ?????????????????? | | % < #???????### ??????????????????? | | & #??????????? ??????????????????? | | #""""" #??????????????????????????????? | | ##### ##??????????????????????????????? | | #???## " #???????????????????????????????? | +----------------------------------------------------+ Best States ------------- Heat Dissipation 25 Energy Generation 15 Energy Capacity 250 Matter Stores 300 Matter Capacity 300 Sight Range 16 Terrain Scan Range 16 Terrain Scan Density 10 Evasion (%) 42 Recoil Reduction 2 Item Schematics ----------------- None Robot Schematics ------------------ None Fabricated ------------ Nothing Alien Tech Used ----------------- None Achievements -------------- None Challenges ------------ None Game ------ Seed CloakingFocalRailgun Manual? 0 Play Time 00:08:59 Cumulative 50.0 hours Start 2024.04.18 @ 10:18:40 End 2024.04.18 @ 10:26:20 Sessions 1 Manual Loads 0 Difficulty Rogue Special Mode None Game No. 58 Rogue 49 Adventurer 9 Explorer 0 Win Type - Total 0 Types 0/0/0/0/0/0/0/0/0 Lore% 31 Gallery% 46 Achievement% 37 Wizard Run 0 Options --------- Layout 1 ASCII 0 Keyboard 0 Movement Numpad Keybinds 0 Fullscreen 1 Font 24/Smallcaps Map View 50x35 Zoom Use 0% Tactical HUD 0 Map Filters NONE Filters NONE Steam 1 RUN: 35f70e05-dd58-4a07-b3e2-72c53cd57c9a